 Dungeon Sprint DCSS version 0.31-a0-18-gea43df2a32 (webtiles) character file.

Game seed: 14097445816930438466

10999 bmack86 the Severer (level 11, -5/101 (108) HPs)
             Began as a Minotaur Berserker on May 11, 2023.
             Was a High Priest of Trog.
             Slain by a shadow dragon (12 damage)
             ... in the Dungeon (Sprint I: "Red Sonja").
             The game lasted 00:15:40 (1444 turns).

bmack86 the Severer (Minotaur Berserker)            Turns: 1444, Time: 00:15:40

HP:   -5/101 (108)  AC: 23    Str: 35    XL:     11   Next: 43%
MP:   10/10         EV:  9    Int:  4    God:    Trog [*****.]
Gold: 869           SH:  4    Dex: 11    Spells: 10/10 levels left

rFire   . . .        l - +8 war axe "Gudeshrio" {drain, *Noise rPois rCorr Str+4}
rCold   . . .        n - +1 buckler {reflect}
rNeg    . . .        m - +2 plate armour
rPois   +            (helmet restricted)
rElec   .            s - +1 cloak of Eternity {Str+6 Stlth+}
rCorr   +            (no gloves)
SInv    .            (no boots)
Will    .....        (no amulet) Stlth
                     (no ring)
HPRegen 1.16/turn    (no ring)
MPRegen 0.12/turn

%: no teleportation, reflection
@: on berserk cooldown, slowed, drained, very slow
A: horns 2, retaliatory headbutt, frail 1, regeneration 1, MP-powered wands
a: Renounce Religion, Berserk, Trog's Hand, Brothers in Arms


You were in the Dungeon.
You worshipped Trog.
Trog was extremely pleased with you.
You visited 1 branch You collected 2342 gold pieces.
You spent 1473 gold pieces at shops.

Inventory:

Hand Weapons
 a - a +0 hand axe
 b - a +3 antimagic battleaxe
 l - the +8 war axe "Gudeshrio" (weapon) {drain, *Noise rPois rCorr Str+4}
   (You bought it in a shop in the Dungeon)

   Str:       It affects your strength (+4).
   rPois:     It protects you from poison.
   *Noise:    It may make noises in combat.
   rCorr:     It protects you from acid and corrosion.
 p - a +2 war axe of draining
 r - a +6 battleaxe of flaming
Missiles
 k - 3 curare-tipped darts
Armour
 j - a +0 scale mail
 m - a +2 plate armour (worn)
 n - a +1 buckler of reflection (worn)
 s - the +1 cloak of Eternity (worn) {Str+6 Stlth+}
   (You bought it in a shop in the Dungeon)

   Str:       It affects your strength (+6).
   Stlth:     It makes you more stealthy.
Wands
 i - a wand of iceblast (4) (quivered)
Scrolls
 h - a scroll of blinking
 u - 2 scrolls of identify
Potions
 c - 3 potions of curing
 d - a potion of heal wounds
 e - 2 potions of haste
 f - 2 potions of magic
 g - a potion of berserk rage
 o - 2 potions of lignification
Miscellaneous
 q - a tin of tremorstones (2/2)


   Skills:
 + Level 18.5 Fighting
 - Level 20.0 Axes
 + Level 18.1 Armour
 - Level 2.1 Dodging
 - Level 8.0 Evocations


You had 10 spell levels left.
You didn't know any spells.
Your spell library was empty.

Dungeon Overview and Level Annotations

Branches:
Dungeon (1/1)

Altars:
Cheibriados
Dithmenos
Elyvilon
Fedhas
Gozag
Hepliaklqana
Kikubaaqudgha
Makhleb
Nemelex Xobeh
Okawaru
Qazlal
Ru
Sif Muna
Trog
Uskayaw
Vehumet
Wu Jian
Xom
Yredelemnul
Zin
The Shining One
Jiyva
Lugonu

Shops:
D (*(!!(!!*(**?::[!


Innate Abilities, Weirdness & Mutations

You have a pair of horns on your head.
You reflexively headbutt those who attack you in melee.
You are frail. (-10% HP)
Your natural rate of healing is unusually fast.
You expend magic power (3 MP) to strengthen your wands.


Message History

The golden dragon bites you but does no damage.
The golden dragon claws you but does no damage.
The golden dragon barely misses you.
Unknown command.
You slice the golden dragon!!
You kill the golden dragon!
Trog accepts your kill.
You slash the shadow dragon!
Your life force feels restored.
Your Fighting skill increases to level 18!
Your Armour skill gained 2 levels and is now at level 18!
You are no longer berserk.
You are exhausted.
You feel yourself slow down.
The shadow dragon bites you but does no damage.
The shadow dragon claws you but does no damage. x2
The shadow dragon bites you!
* * * LOW HITPOINT WARNING * * *
You feel drained.
The shadow dragon claws you but does no damage.
The shadow dragon claws you.
* * * LOW HITPOINT WARNING * * *
Found five items.
The shadow dragon bites you but does no damage.
You block the shadow dragon's attack.
The shadow dragon claws you but does no damage.
The shadow dragon barely misses you. You furiously retaliate!
You headbutt the shadow dragon!
The shadow dragon claws you but does no damage.
The shadow dragon barely misses you.
You hit the shadow dragon but do no damage.
You headbutt the shadow dragon.
The shadow dragon is severely wounded.
The shadow dragon breathes negative energy at you.
The bolt of negative energy hits you!!
You feel drained.
* * * LOW HITPOINT WARNING * * *
You closely miss the shadow dragon.
The shadow dragon is severely wounded.
The shadow dragon bites you!
You die...

....##..'.§#....##
§.§#######+#.§).§#
##+# #§§§§§#
##§.§.# ###+##
#.####+#
##'#§§..##
##..§§§...##
#.§D@§§.§..#
#.§§§§.§§..#
#.§§§§.§.....
#..§..=......
##....§.....#
#$$$$$$$$$$#
##$$$$$$$$##
##[)?)$$##


You could see a shadow dragon (catching breath).

Vanquished Creatures
  A golden dragon (D)
  A hydra (D)
  2 centaur warriors (D)
  Sonja (D)
  A deep troll (D)
  A lindwurm (D)
  An oklob plant (D)
  A demonic crawler (D)
  2 kobold demonologists (D)
  A hornet (D)
  A slime creature (D)
  Sigmund (D)
  A yak (D)
  13 hogs (D)
  2 redbacks (D)
  3 floating eyes (D)
  An ogre (D)
  A necrophage (D)
  4 jellies (D)
  Ijyb (D)
40 creatures vanquished.

Vanquished Creatures (collateral kills)
  3 demonic crawlers (D)
  6 necrophages (D)
  4 jellies (D)
13 creatures vanquished.

Vanquished Creatures (others)
  2 ballistomycete spores (D)
2 creatures vanquished.

Grand Total: 55 creatures vanquished

Notes
Turn   | Place    | Note
-------+----------+-------------------------------------------
     0 | D        | bmack86 the Minotaur Berserker began the quest for the Orb.
     0 | D        | Reached XP level 1. HP: 19/19 MP: 0/0
     3 | D        | Noticed Ijyb
    11 | D        | Killed Ijyb
    12 | D        | Reached skill level 5 in Fighting
    12 | D        | Reached skill level 5 in Axes
    12 | D        | Reached XP level 2. HP: 25/29 MP: 1/1
    52 | D        | Noticed an ogre
    55 | D        | Killed an ogre
    56 | D        | Reached skill level 7 in Axes
    56 | D        | Reached skill level 5 in Armour
    56 | D        | Reached XP level 3. HP: 38/38 MP: 2/2
    56 | D        | Reached XP level 4. HP: 45/45 MP: 3/3
   101 | D        | Noticed Sigmund
   117 | D        | Killed Sigmund
   117 | D        | Reached ** piety under Trog
   118 | D        | Reached skill level 9 in Axes
   118 | D        | Reached XP level 5. HP: 19/53 MP: 4/4
   118 | D        | Reached XP level 6. HP: 22/61 MP: 5/5
   240 | D        | Found a burning altar of Makhleb.
   240 | D        | Found a viscous altar of Jiyva.
   240 | D        | Found a shimmering altar of Xom.
   240 | D        | Found a corrupted altar of Lugonu.
   240 | D        | Noticed a slime creature
   245 | D        | Killed a slime creature
   246 | D        | Reached skill level 11 in Axes
   246 | D        | Reached skill level 5 in Evocations
   287 | D        | Found an ornate altar of the Wu Jian Council.
   287 | D        | Found a shimmering blue altar of Sif Muna.
   289 | D        | Found a radiant altar of Vehumet.
   325 | D        | Found Pekaoxu's General Store.
   325 | D        | Found an ancient bone altar of Kikubaaqudgha.
   325 | D        | Found a hazy altar of Hepliaklqana.
   325 | D        | Found a stormy altar of Qazlal.
   325 | D        | Found a hide-covered altar of Uskayaw.
   325 | D        | Found a blossoming altar of Fedhas.
   325 | D        | Found a bloodstained altar of Trog.
   325 | D        | Found an iron altar of Okawaru.
   325 | D        | Found a basalt altar of Yredelemnul.
   325 | D        | Found a glowing golden altar of the Shining One.
   325 | D        | Found a snail-covered altar of Cheibriados.
   325 | D        | Found a sacrificial altar of Ru.
   325 | D        | Found a glowing silver altar of Zin.
   325 | D        | Found a shadowy altar of Dithmenos.
   325 | D        | Found a white marble altar of Elyvilon.
   325 | D        | Noticed a yak
   331 | D        | Killed a yak
   332 | D        | Reached skill level 12 in Axes
   332 | D        | Reached XP level 7. HP: 70/70 MP: 6/6
   332 | D        | Found an opulent altar of Gozag.
   333 | D        | Found a sparkling altar of Nemelex Xobeh.
   376 | D        | Noticed a kobold demonologist
   376 | D        | Noticed a kobold demonologist
   378 | D        | Reached *** piety under Trog
   383 | D        | Killed a kobold demonologist
   384 | D        | Reached skill level 10 in Fighting
   384 | D        | Reached skill level 13 in Axes
   384 | D        | Reached skill level 10 in Armour
   386 | D        | Killed a kobold demonologist
   386 | D        | Reached **** piety under Trog
   387 | D        | Reached skill level 14 in Axes
   387 | D        | Reached XP level 8. HP: 81/81 MP: 7/7
   435 | D        | Noticed Sonja
   439 | D        | Killed Sonja
   440 | D        | Reached skill level 15 in Axes
   458 | D        | Found Femoefel's Antique Weapon Boutique.
   466 | D        | Bought an ancient war axe for 221 gold pieces
   466 | D        | Identified the +8 war axe "Gudeshrio" {drain, *Noise rPois
                  | rCorr Str+4} (You bought it in a shop in the Dungeon)
   517 | D        | Noticed a deep troll
   523 | D        | Killed a deep troll
   524 | D        | Reached XP level 9. HP: 90/90 MP: 8/8
   533 | D        | Found Gifec's Armour Emporium.
   541 | D        | Bought a +1 buckler of reflection for 189 gold pieces
   563 | D        | Noticed a centaur warrior
   564 | D        | Noticed a centaur warrior
   570 | D        | Killed a centaur warrior
   571 | D        | Reached skill level 16 in Axes
   571 | D        | Killed a centaur warrior
   572 | D        | Reached skill level 17 in Axes
   720 | D        | Noticed an oklob plant
   724 | D        | Killed an oklob plant
   724 | D        | Reached ***** piety under Trog
   725 | D        | Reached skill level 18 in Axes
   725 | D        | Reached XP level 10. HP: 102/102 MP: 9/9
   969 | D        | Received a gift from Trog
   975 | D        | Reached skill level 19 in Axes
   999 | D        | Found Buyzan's Distillery.
   999 | D        | Found Wiakkoci's Antique Weapon Shop.
   999 | D        | Found Wizyl's Distillery.
  1001 | D        | Found Duhiwer's Antique Weapon Emporium.
  1001 | D        | Found Pedghuej's Distillery.
  1001 | D        | Found Fodabaof's Distillery.
  1001 | D        | Found Ladi's General Store.
  1001 | D        | Found Nauptuor's Antique Weapon Emporium.
  1001 | D        | Found Yxyut's General Store.
  1001 | D        | Found Todiloch's General Store.
  1005 | D        | Found Korefux's Magic Scroll Boutique.
  1006 | D        | Found Woma's Book Emporium.
  1006 | D        | Found Ruonaboc's Book Boutique.
  1007 | D        | Found Qigakoyma's Distillery.
  1018 | D        | Bought a potion of mutation for 96 gold pieces
  1027 | D        | Bought the +1 cloak of Eternity {Str+6 Stlth+} for 319 gold
                  | pieces
  1050 | D        | Bought a scroll of enchant armour for 82 gold pieces
  1050 | D        | Bought a scroll of identify for 22 gold pieces
  1050 | D        | Bought a scroll of enchant armour for 82 gold pieces
  1050 | D        | Bought a scroll of identify for 22 gold pieces
  1050 | D        | Bought a scroll of identify for 22 gold pieces
  1053 | D        | Gained mutation: You have hidden genetic defects. [potion
                  | of mutation]
  1057 | D        | Bought a potion of mutation for 96 gold pieces
  1057 | D        | Lost mutation: You have hidden genetic defects. [potion of
                  | mutation]
  1057 | D        | Gained mutation: You expend magic power (3 MP) to
                  | strengthen your wands. [potion of mutation]
  1057 | D        | Gained mutation: You are frail. (-10% HP) [potion of
                  | mutation]
  1057 | D        | Gained mutation: Your natural rate of healing is unusually
                  | fast. [potion of mutation]
  1109 | D        | Bought a +0 plate armour for 322 gold pieces
  1160 | D        | Noticed a demonic crawler
  1160 | D        | Noticed a demonic crawler
  1160 | D        | Noticed a demonic crawler
  1160 | D        | Noticed a demonic crawler
  1166 | D        | Killed a demonic crawler
  1168 | D        | Killed a demonic crawler
  1168 | D        | Killed a demonic crawler
  1170 | D        | Killed a demonic crawler
  1171 | D        | Reached skill level 15 in Fighting
  1220 | D        | Noticed a lindwurm
  1226 | D        | Killed a lindwurm
  1227 | D        | Reached skill level 20 in Axes
  1227 | D        | Reached skill level 15 in Armour
  1236 | D        | Received a gift from Trog
  1257 | D        | Reached XP level 11. HP: 95/103 MP: 3/10
  1262 | D        | Received a gift from Trog
  1290 | D        | Noticed a 12-headed hydra
  1292 | D        | Killed a ten-headed hydra
  1425 | D        | Found the +8 lance "Wyrmbane" {slay drac, rPois rF+ rC+
                  | AC+3}
  1425 | D        | Noticed a shadow dragon
  1425 | D        | Noticed a golden dragon
  1439 | D        | Killed a golden dragon
  1444 | D        | Slain by a shadow dragon

Illustrated notes

Levels and vault maps discovered:
D:        dungeon_sprint_1 [red_sonja_temple_1, red_sonja_temple_small_1]

Skill      XL: |  1  2  3  4  5  6  7  8  9 10 11 |
---------------+----------------------------------+-----
Fighting       | 5 6 8 9 10 12 13 16 18 | 18.5
Axes           | 5 7 9 12 14 15 18 20 | 20.0
Armour         | 4 5 7 9 10 11 13 16 18 | 18.1
Evocations     | 2 4 5 7 8 |  8.0
Dodging        | |  2.1

Action                     |  1- 3 |  4- 6 |  7- 9 | 10-12 || total
---------------------------+-------+-------+-------+-------++-------
  Melee: Hand axe          |     9 |    21 |    11 |       ||    41
         Headbutt          |     1 |     3 |     3 |    13 ||    20
         War axe           |       |       |    13 |    22 ||    35
         Battleaxe         |       |       |       |    48 ||    48
 Invoke: Berserk           |     2 |     3 |     5 |     5 ||    15
         Brothers in Arms  |       |       |       |     5 ||     5
  Evoke: Wand              |       |       |     3 |       ||     3
    Use: Scroll            |       |       |     1 |     4 ||     5
         Potion            |       |       |       |     2 ||     2
 Armour: Animal skin       |     1 |       |       |       ||     1
         Scale mail        |       |     4 |     6 |     3 ||    13
         Plate armour      |       |       |       |    96 ||    96
  Dodge: Dodged            |     4 |     1 |     8 |    30 ||    43
  Block: Buckler           |       |       |     1 |     3 ||     4
         Reflection        |       |       |     1 |       ||     1

Table legend: (Time is in decaauts)
 A = Elapsed time spent in this place.
 B = Non-inter-level travel time spent in this place.
 C = Inter-level travel time spent in this place.
 D = Time resting spent in this place.
 E = Time spent auto-exploring this place.
 F = Levels seen in this place.
 G = Mean time per level.
                   A        B        C        D        E       F      G
               +--------+--------+--------+--------+--------+-----+--------+
         Total |   1552 |   1552 |      0 |    695 |      0 |   1 | 1552.0 |
       Dungeon |   1552 |   1552 |      0 |    695 |      0 |   1 | 1552.0 |
               +--------+--------+--------+--------+--------+-----+--------+

Top non-repeatable levels by time:
       D: 1552 daAuts
